 Dungeon Crawl Stone Soup version 0.24.0-123-gd5b16e6ec5 (webtiles) character file.

Game seed: 9385479855968179344, levelgen mode: deterministic

38434 Martska the Geomancer (level 14, 0/84 HPs)
             Began as a Gargoyle Earth Elementalist on Feb 2, 2020.
             Was a High Priest of Vehumet.
             Slain by Rydil's ghost (21 damage)
             ... on level 3 of the Lair of Beasts.
             The game lasted 01:41:27 (23747 turns).

Martska the Geomancer (GrEE)                       Turns: 23747, Time: 01:41:28

Health: 0/84       AC: 17    Str: 11    XL:     14   Next: 2%
Magic:  1/26       EV: 14    Int: 25    God:    Vehumet [*****.]
Gold:   1030       SH:  8    Dex: 10    Spells: 3/30 levels left

rFire    . . .     SeeInvis .   P - +5 mace
rCold    + . .     Gourm    .   V - +0 buckler
rNeg     + . .     Faith    .   K - +2 leather armour of Deynewef {+Blink rF+ MR+}
rPois    ∞         Spirit   .   N - +0 helmet
rElec    +         Reflect  +   (no cloak)
rCorr    .         Harm     .   (no gloves)
MR       ++++.                  (no boots)
Stlth    ++........             y - +3 amulet of reflection
HPRegen  0.24/turn              f - ring of the Mage {Wiz MR++ Int+3}
MPRegen  0.20/turn              M - ring of ice

@: flying
A: big wings, negative energy resistance 1, electricity resistance, unbreathing,
petrification resistance, rot immunity, AC +10
a: Stop Flying, Renounce Religion, Evoke Blink


You were on level 3 of the Lair of Beasts.
You worshipped Vehumet.
Vehumet was extremely pleased with you.
You were not hungry.

You visited 3 branches of the dungeon, and saw 17 of its levels.

You collected 1030 gold pieces.

Inventory:

Hand Weapons
 u - the +6 long sword of Vuaxerph {freeze, Str+3 Int+3 Dex+5, unknown}
   (You found it on level 6 of the Lair of Beasts)

   It has been specially enchanted to freeze those struck by it, causing extra
   injury to most foes and up to half again as much damage against particularly
   susceptible opponents.
   It can also slow down cold-blooded creatures.
   It affects your strength (+3).
   It affects your intelligence (+3).
   It affects your dexterity (+5).
 P - a +5 mace (weapon)
 S - a +2 flail of crushing
Missiles
 b - 32 stones (quivered)
 Q - 6 large rocks
Armour
 c - a +0 robe
 B - a cursed +0 leather armour
 G - the +0 ring mail "Otisuyrgh" {Dex+3}
   (You found it on level 7 of the Dungeon)

   It affects your dexterity (+3).
 K - the +2 leather armour of Deynewef (worn) {+Blink rF+ MR+}
   (You found it on level 8 of the Dungeon)

   It protects you from fire.
   It affects your resistance to hostile enchantments.
   It lets you blink.
 N - a +0 helmet (worn)
 V - a +0 buckler (worn)
Jewellery
 a - the ring of Quet {rC+ MR+ Str+4, unknown}
   (You found it on level 5 of the Lair of Beasts)

   [ring of protection from magic]

   It affects your strength (+4).
   It protects you from cold.
   It affects your resistance to hostile enchantments.
 f - the ring of the Mage (left hand) {Wiz MR++ Int+3}
   (You found it on level 9 of the Dungeon)

   [ring of wizardry]

   It improves your spell success rate.
   It affects your intelligence (+3).
   It affects your resistance to hostile enchantments.
 t - a -2 ring of protection
 y - a +3 amulet of reflection (around neck)
 M - a ring of ice (right hand)
 U - an uncursed amulet of faith
Wands
 x - a wand of flame (10)
 C - a wand of polymorph (13)
 L - a wand of disintegration (15)
 R - a wand of random effects (39)
 T - a wand of digging (5)
Scrolls
 g - a scroll of vulnerability
 i - 2 scrolls of random uselessness
 l - 8 scrolls of remove curse
 r - 4 scrolls of magic mapping
 s - 4 scrolls of enchant armour
 w - 7 scrolls of immolation
 D - 2 scrolls of enchant weapon
 F - 2 scrolls of teleportation
 H - a scroll of fear
 I - a scroll of fog
 J - 2 scrolls of amnesia
 O - a scroll of holy word {unknown}
 W - a scroll of acquirement {unknown}
 X - a scroll of torment {unknown}
 Z - a scroll of noise {unknown}
Potions
 e - 2 potions of might
 h - 4 potions of curing
 j - 4 potions of heal wounds
 k - 3 potions of brilliance
 m - 5 potions of flight
 o - a potion of ambrosia {unknown}
 p - 2 potions of invisibility {unknown}
 q - 3 potions of agility
 v - 5 potions of degeneration {unknown}
 z - 2 potions of mutation {unknown}
 A - a potion of cancellation {unknown}
 E - 2 potions of haste {unknown}
Comestibles
 d - 17 rations


   Skills:
 + Level 8.3 Fighting
 + Level 8.0 Maces & Flails
 - Level 6.3 Armour
 + Level 6.8 Dodging
 - Level 2.1 Stealth
 + Level 5.8 Shields
 + Level 8.8 Spellcasting
 + Level 9.7 Conjurations
   Level 0.7 Transmutations
 - Level 5.0 Fire Magic
 + Level 11.4 Earth Magic
 + Level 6.7 Evocations


You had 3 spell levels left.
You knew the following spells:

 Your Spells              Type           Power        Failure   Level  Hunger
a - Sandblast             Erth           ######       1%          1    None
b - Stone Arrow           Conj/Erth      ######       1%          3    None
c - Lee's Rapid Deconstr  Erth           ######....   1%          5    ####...
d - Flame Tongue          Conj/Fire      #####        1%          1    None
e - Dazzling Spray        Conj/Hex       #####.       1%          3    None
f - Conjure Flame         Conj/Fire      #####...     1%          3    None
g - Fireball              Conj/Fire      #####.....   1%          5    ####...
h - Blink                 Tloc           N/A          4%          2    None
i - Sticky Flame          Conj/Fire      #####...     1%          4    ##.....

Your spell library contained the following spells:

 Spells                   Type           Power        Failure   Level  Hunger
 Ozocubu's Refrigeration  Ice            ###.......   65%         6    ######.
 Shock                    Conj/Air       ####         1%          1    None
 Passwall                 Tmut/Erth      #####...     1%          2    None
 Throw Flame              Conj/Fire      #####.       1%          2    None
 Inner Flame              Hex/Fire       ###.....     1%          3    None
 Static Discharge         Conj/Air       #####...     1%          3    None
 Summon Small Mammal      Summ           ##..         2%          1    None
 Call Imp                 Summ           ##......     4%          2    None
 Shroud of Golubria       Chrm/Tloc      ##....       4%          2    None
 Swiftness                Chrm/Air       ##......     4%          2    None
 Call Canine Familiar     Summ           ##......     9%          3    None
 Gell's Gravitas          Tloc           ##........   9%          3    None
 Lesser Beckoning         Tloc           ##........   9%          3    None
 Summon Guardian Golem    Hex/Summ       ##......     9%          3    None
 Teleport Other           Tloc           ##......     9%          3    None
 Petrify                  Tmut/Erth      #####...     2%          4    ##.....
 Lightning Bolt           Conj/Air       #####.....   3%          5    ####...
 Airstrike                Air            ##........   8%          4    ##.....
 Conjure Ball Lightning   Conj/Air       #####.....   16%         6    ######.
 Passage of Golubria      Tloc           N/A          26%         4    ##.....
 Summon Ice Beast         Ice/Summ       ###.....     26%         4    ##.....
 Summon Lightning Spire   Summ/Air       ##......     26%         4    ##.....
 Silence                  Hex/Air        ##........   58%         5    ####...
 Deflect Missiles         Chrm/Air       ##........   98%         6    ######.
 Tornado                  Air            ##........   100%        9    #######


Dungeon Overview and Level Annotations

Branches:
Dungeon (10/15)            Temple (1/1) D:4            Lair (6/6) D:9
  Swamp (0/4) Lair:2        Snake (0/4) Lair:2        Slime (0/5) Lair:6
    Orc: D:9-12

Altars:
Cheibriados
Dithmenos
Elyvilon
Fedhas
Gozag
Hepliaklqana
Kikubaaqudgha
Makhleb
Nemelex Xobeh
Qazlal
Ru
Sif Muna
Trog
Uskayaw
Vehumet
Xom
Yredelemnul
Zin

Shops:
D:4 *   D:7 %

Annotations:
D:6 1 runed translucent door, Crazy Yiuf, Edmund, Menkaure, Sigmund
Lair:3 Rydil's ghost, journeyman HOMo


Innate Abilities, Weirdness & Mutations

You are resistant to torment.
Your stone body is resilient. (AC +10)
You are immune to poison.
Your large and strong wings let you fly indefinitely.
You resist negative energy. (rN+)
You are resistant to electric shocks. (rElec)
You can survive without breathing.
You are immune to petrification.
You are immune to rotting.


Message History

Rydil's ghost hits you but does no damage.
Casting: Sandblast (safe; 1% risk of failure)
Confirm with . or Enter, or press ? or * to list all spells.
Aiming: Sandblast (safe; 1% risk of failure)
Press: ? - help, Shift-Dir - straight line, f/p - Rydil's ghost
Aim: Rydil's ghost, wielding a weapon of venom (almost destroyed)
The blast of sand hits Rydil's ghost but does no damage.
Rydil's ghost is almost destroyed.
b - 33 stones Rydil's ghost hits you!!
* * * LOW HITPOINT WARNING * * *
Casting: Sandblast (safe; 1% risk of failure)
Confirm with . or Enter, or press ? or * to list all spells.
Aiming: Sandblast (safe; 1% risk of failure)
Press: ? - help, Shift-Dir - straight line, f/p - Rydil's ghost
Aim: Rydil's ghost, wielding a weapon of venom (almost destroyed)
The blast of sand misses Rydil's ghost.
b - 32 stones Rydil's ghost hits you!!
You die...

##..(..W##.##.........#..##
###..(..#####..#.#.##..#..###
#
##......###..###.#..#.....##
# ##.....###..##
####........... ###......#
##.# #....##.##.## ##.......#
#.# ##.#.#### #
#....##.####.#######....#
#.P......##..P.P..##.#..#
#.............W@...<...##
##.#......####.#.###..#..#
#..#.......##...#.#####.##
#................... .#
##[............###.#.
#######.P##..## ## # ########


You could see Rydil's ghost.

Vanquished Creatures
  The ghost of hitsuchi the Grappler, a journeyman DrTm of Makhleb (D:9)
  5 hydras (Lair:6)
  An ice dragon (Lair:4)
  Erica (D:9)
  A two-headed ogre (D:9)
  5 death yaks
  Nergalle (D:9)
  A spectral hydra (Lair:3)
  Pikel (D:9)
  An oklob plant (Lair:5)
  5 elephants
  A black mamba (Lair:2)
  6 spiny frogs
  4 rime drakes
  3 komodo dragons
  4 polar bears
  4 hornets (Lair:6)
  Grinder (D:2)
  2 bog bodies (Lair:2)
  8 dream sheep (Lair:6)
  4 hippogriffs
  5 blink frogs (Lair:6)
  12 spriggans (Lair:6)
  35 yaks
  A hungry ghost (D:8)
  A spectral komodo dragon (Lair:3)
  2 wyverns (Lair:3)
  Eustachio (D:5)
  3 basilisks
  2 nagas (Lair:2)
  9 water moccasins
  3 porcupines
  2 slaves (D:9)
  A sky beast (D:8)
  An ice beast (D:9)
  4 black bears (Lair:6)
  A black mamba simulacrum (Lair:3)
  7 necrophages
  2 ogres
  5 boggarts (Lair:6)
  21 wolves
  8 crocodiles
  13 bullfrogs
  A spiny frog simulacrum (Lair:3)
  An elf skeleton (D:8)
  2 scorpions (D:9)
  A troll zombie (D:8)
  6 wights
  2 electric eels (D:9)
  A troll skeleton (D:8)
  8 crimson imps
  A bullfrog zombie (D:5)
  A hound (D:6)
  5 human zombies (D:8)
  A komodo dragon simulacrum (Lair:3)
  A bullfrog skeleton (D:6)
  6 jellies
  4 orc priests
  3 orc wizards
  2 human skeletons (D:8)
  An iguana (D:9)
  2 worker ants (D:9)
  A hound zombie (D:9)
  A mummy (D:8)
  A worker ant zombie (D:5)
  A howler monkey skeleton (D:6)
  9 adders
  3 white imps (Lair:4)
  11 oozes
  An adder skeleton (D:3)
  A worm (D:3)
  A dart slug (D:3)
  3 leopard geckos
  6 orcs
  3 giant cockroaches
  7 goblins
  7 hobgoblins
  4 jackals (D:3)
  8 kobolds
  2 quokkas (D:6)
  3 ball pythons
  4 bats
  5 frilled lizards
  A quokka skeleton (D:7)
  8 rats
  3 butterflies
  2 fungi
  2 plants (Lair:6)
346 creatures vanquished.

Vanquished Creatures (others)
  A black mamba (Lair:6)
  A water moccasin (Lair:6)
  A slave (D:9)
  A bush (Lair:6)
  24 fungi
  19 plants
47 creatures vanquished.

Grand Total: 393 creatures vanquished

Notes
Turn   | Place    | Note
-------+----------+-------------------------------------------
     0 | D:1      | Martska the Gargoyle Earth Elementalist began the quest for
                  | the Orb.
     0 | D:1      | Reached XP level 1. HP: 10/10 MP: 3/3
   534 | D:1      | Reached skill level 4 in Earth Magic
   534 | D:1      | Reached XP level 2. HP: 13/15 MP: 3/5
   973 | D:2      | Reached XP level 3. HP: 19/19 MP: 3/6
   987 | D:2      | Learned a level 3 spell: Stone Arrow
  1161 | D:2      | Found a shadowy altar of Dithmenos.
  1569 | D:3      | Found a basalt altar of Yredelemnul.
  1571 | D:3      | Noticed Grinder
  1634 | D:3      | Found a snail-covered altar of Cheibriados.
  1757 | D:3      | Reached XP level 4. HP: 20/24 MP: 3/8
  1910 | D:3      | Reached skill level 1 in Conjurations
  2093 | D:3      | Reached skill level 5 in Earth Magic
  2169 | D:3      | Paralysed by Grinder for 2 turns
  2178 | D:2      | Killed Grinder
  2178 | D:2      | Reached XP level 5. HP: 17/28 MP: 0/11
  2178 | D:2      | Reached XP level 6. HP: 20/32 MP: 0/12
  2185 | D:2      | Learned a level 5 spell: Lee's Rapid Deconstruction
  2416 | D:3      | Reached skill level 6 in Earth Magic
  2961 | D:4      | Found Zitiuhus's Elemental Accessories.
  3011 | D:4      | Found a stormy altar of Qazlal.
  3249 | D:4      | Found a glowing silver altar of Zin.
  3317 | D:4      | Found a white marble altar of Elyvilon.
  3441 | D:4      | Found a shimmering altar of Xom.
  3625 | D:4      | Reached XP level 7. HP: 36/36 MP: 8/13
  3648 | D:4      | Found a staircase to the Ecumenical Temple.
  3652 | Temple   | Entered the Ecumenical Temple
  3662 | Temple   | Became a worshipper of Vehumet
  3846 | D:5      | Entered Level 5 of the Dungeon
  4140 | D:5      | Noticed Eustachio
  4637 | D:6      | Noticed Menkaure
  4696 | D:6      | Found a runed translucent door.
  4697 | D:6      | Noticed Crazy Yiuf
  4983 | D:6      | Reached skill level 1 in Armour
  5021 | D:6      | Reached skill level 1 in Maces & Flails
  5080 | D:6      | Noticed Sigmund
  5081 | D:6      | Noticed Edmund
  5092 | D:5      | Reached XP level 8. HP: 20/41 MP: 4/15
  5096 | D:5      | Reached skill level 7 in Earth Magic
  5309 | D:5      | Killed Eustachio
  5309 | D:5      | Reached skill level 5 in Spellcasting
  5696 | D:7      | Found Lueph's Food Boutique.
  5778 | D:7      | Found an opulent altar of Gozag.
  5796 | D:7      | Reached * piety under Vehumet
  5796 | D:7      | Offered knowledge of Flame Tongue by Vehumet.
  5815 | D:7      | Found a sparkling altar of Nemelex Xobeh.
  6252 | D:7      | Got a smoking ring mail
  6263 | D:7      | Identified the cursed +0 ring mail "Otisuyrgh" {Dex+3} (You
                  | found it on level 7 of the Dungeon)
  6282 | D:8      | Reached skill level 1 in Fighting
  6282 | D:8      | Reached skill level 5 in Conjurations
  6300 | D:8      | Reached skill level 1 in Evocations
  6535 | D:8      | Got a polished leather armour
  6549 | D:8      | Identified the +2 leather armour of Deynewef {+Blink rF+
                  | MR+} (You found it on level 8 of the Dungeon)
  6588 | D:8      | Reached XP level 9. HP: 48/48 MP: 15/17
  7002 | D:8      | Found an ancient bone altar of Kikubaaqudgha.
  7941 | D:9      | Noticed a two-headed ogre
  7943 | D:9      | Found the ring of the Mage {Wiz MR++ Int+3}
  7973 | D:9      | Noticed Erica
  8078 | D:9      | Killed Erica
  8078 | D:9      | Reached skill level 8 in Earth Magic
  8223 | D:9      | Noticed a two-headed ogre
  8234 | D:9      | Killed a two-headed ogre
  8234 | D:9      | Reached XP level 10. HP: 46/56 MP: 3/19
  8382 | D:9      | Learned a level 1 spell: Flame Tongue
  8982 | D:10     | Entered Level 10 of the Dungeon
  8986 | D:10     | Reached skill level 1 in Fire Magic
  9432 | D:9      | Reached ** piety under Vehumet
  9432 | D:9      | Offered knowledge of Freeze by Vehumet.
  9544 | D:9      | Reached skill level 5 in Armour
  9636 | D:9      | Found a hazy altar of Hepliaklqana.
  9775 | D:9      | Noticed Pikel
  9781 | D:9      | Killed Pikel
  9781 | D:9      | Reached skill level 9 in Earth Magic
  9864 | D:9      | Found Ebirphynt's Magic Scroll Shop.
 10330 | D:9      | Found a sacrificial altar of Ru.
 10378 | D:9      | Found a staircase to the Lair.
 10443 | Lair:1   | Entered Level 1 of the Lair of Beasts
 10451 | Lair:1   | Reached XP level 11. HP: 55/62 MP: 14/21
 10454 | Lair:1   | Reached skill level 5 in Fighting
 10689 | Lair:1   | Found a runed translucent gate.
 10689 | Lair:1   | Found a runed translucent gate.
 10689 | Lair:1   | Found a runed translucent gate.
 10694 | Lair:1   | Noticed hitsuchi's ghost (journeyman DrTm)
 10891 | D:9      | Killed hitsuchi's ghost
 10891 | D:9      | Reached skill level 5 in Maces & Flails
 11202 | Lair:1   | Offered knowledge of Dazzling Spray by Vehumet.
 11410 | Lair:1   | Noticed Nergalle
 11423 | Lair:1   | Noticed a spectral orc warlord
 11453 | D:9      | Killed Nergalle
 12431 | Lair:2   | Reached *** piety under Vehumet
 12703 | Lair:2   | Reached skill level 5 in Dodging
 12786 | Lair:2   | Found a staircase to the Swamp.
 12872 | Lair:2   | Found a staircase to the Snake Pit.
 13858 | Lair:3   | Reached skill level 1 in Shields
 13900 | Lair:3   | Reached XP level 12. HP: 70/70 MP: 4/23
 14447 | Lair:3   | Reached skill level 10 in Earth Magic
 14447 | Lair:3   | Reached skill level 5 in Evocations
 14660 | Lair:3   | Found a runed translucent gate.
 14660 | Lair:3   | Found a runed translucent gate.
 14661 | Lair:3   | Found a runed translucent gate.
 14663 | Lair:3   | Noticed Rydil's ghost (journeyman HOMo)
 16335 | Lair:4   | Learned a level 3 spell: Dazzling Spray
 16689 | Lair:4   | Noticed an ice dragon
 16701 | Lair:4   | Killed an ice dragon
 18013 | Lair:4   | Reached skill level 5 in Fire Magic
 18905 | Lair:5   | Got a flickering lead ring
 19292 | Lair:6   | Entered Level 6 of the Lair of Beasts
 19392 | Lair:6   | Reached XP level 13. HP: 69/76 MP: 5/25
 19533 | Lair:6   | Offered knowledge of Mephitic Cloud by Vehumet.
 20569 | Lair:6   | Reached skill level 11 in Earth Magic
 20733 | Lair:6   | Reached **** piety under Vehumet
 20845 | Lair:6   | Offered knowledge of Iskenderun's Battlesphere by Vehumet.
 20920 | Lair:6   | Reached skill level 5 in Shields
 21406 | Lair:6   | Got a warped long sword
 22236 | Lair:6   | Reached ***** piety under Vehumet
 22236 | Lair:6   | Offered knowledge of Ozocubu's Refrigeration by Vehumet.
 22618 | Lair:6   | Found a staircase to the Slime Pits.
 23040 | Lair:6   | Gained mutation: Your large and strong wings let you fly
                  | indefinitely. [Gargoyle growth]
 23040 | Lair:6   | Reached XP level 14. HP: 27/84 MP: 1/26
 23674 | Lair:4   | Learned a level 3 spell: Conjure Flame
 23680 | Lair:4   | Learned a level 5 spell: Fireball
 23683 | Lair:4   | Learned a level 2 spell: Blink
 23688 | Lair:4   | Learned a level 4 spell: Sticky Flame
 23747 | Lair:3   | Slain by Rydil's ghost

Levels and vault maps discovered:
D:1:      dpeg_arrival_rooms_c, layout_loops_ring
D:2:      layout_loops_ring, grunt_dithmenos_smoke_and_mirrors, first_ration
D:3:      layout_loops_ring, overflow_temple_1_default, kennysheep_slug_shrine,
          uniq_grinder
D:4:      layout_basic, zin_treasury, led_xom_imps, kennysheep_mini,
          elyvilon_altar_1, temple_hall_moat, nicolae_elemental_shop
D:5:      layout_loops_ring, uniq_eustachio
D:6:      layout_cave_pods, sigmund_edmund_badplayer, uniq_menkaure,
          uniq_crazy_yiuf_cottage
D:7:      minmay_s_stair_smasher, layout_gridville, nicolae_gozag_seed_capital,
          serial_shops, nicolae_shop_statue_plus, nemelex_spade_bored_becter
D:8:      layout_gridville, lemuel_mausoleum_altar_kikubaaqudgha
D:9:      argonaut_augean_stables, layout_long_grid, lemuel_round_altar,
          nicolae_ru_path_of_blood, lair_entry_dummy, serial_shops, shop,
          hangedman_little_slice_of_home, uniq_pikel, uniq_erica
D:10:     layout_gridville
Temple:   dshaligram_water_room_temple
Lair:1:   layout_long_grid, ebering_ghost_rock_garden, lemuel_fruit_fields,
          lemuel_fruit_tree, uniq_nergalle
Lair:2:   layout_misc_corridors, skrybe_swamp_entry_bodies,
          guppyfry_snake_entry_garden, infiniplex_staircase_pool
Lair:3:   layout_loops_ring, gammafunk_ghost_necromancy
Lair:4:   layout_layer_cave, serial_rivers, chequers_serial_rivers_micro_e,
          chequers_serial_rivers_micro_a, chequers_serial_rivers_large_b,
          chequers_serial_rivers_micro_a, bobbens_ice_dragon_lair,
          lemuel_fruit_fields
Lair:5:   layout_misc_corridors, roderic_carrion_pond,
          infiniplex_staircase_pool_2
Lair:6:   minmay_lair_end_enchanted_forest, layout_loops_ring,
          nicolae_slime_entry_slimehenge

Skill      XL: |  1  2  3  4  5  6  7  8  9 10 11 12 13 14 |
---------------+-------------------------------------------+-----
Earth Magic    | 4 5 6 7 8 9 10 11 | 11.4
Spellcasting   | 3 4 5 6 7 8 |  8.8
Conjurations   | 3 4 5 6 7 8 9 |  9.7
Armour         | 1 3 4 5 6 |  6.3
Maces & Flails | 1 2 3 4 5 6 7 8 |  8.0
Dodging        | 2 3 4 5 6 |  6.8
Fighting       | 1 3 4 6 7 8 |  8.3
Evocations     | 1 3 4 5 6 |  6.7
Fire Magic     | 2 4 5 |  5.0
Shields        | 1 3 5 |  5.8
Stealth        | |  2.1
Transmutations | |  0.7

Action                   |  1- 3 |  4- 6 |  7- 9 | 10-12 | 13-15 || total
-------------------------+-------+-------+-------+-------+-------++-------
Melee: Short sword       |    22 |       |       |       |       ||    22
       Whip              |    36 |    12 |     6 |       |       ||    54
       Morningstar       |       |       |    92 |    14 |       ||   106
       Mace              |       |       |       |    66 |    20 ||    86
 Cast: Sandblast         |    26 |    32 |    88 |   146 |   150 ||   442
       Stone Arrow       |       |    14 |    45 |   207 |   123 ||   389
       Lee's Rapid Decon |       |       |     3 |    39 |    21 ||    63
 Abil: Evoke Blink       |       |       |     1 |     1 |       ||     2
       Fly               |       |       |       |       |     1 ||     1
  Use: Scroll            |     2 |       |    12 |    12 |     4 ||    30
       Potion            |       |       |       |     1 |     3 ||     4
 Stab: Sleeping          |     1 |       |       |       |       ||     1
  Eat: Ration            |     1 |     2 |     6 |    12 |     5 ||    26
       Chunk             |       |       |       |     2 |       ||     2
Armor: Robe              |    33 |     4 |    29 |       |       ||    66
       Ring mail         |       |       |     5 |       |       ||     5
       Leather armour    |       |       |    42 |   107 |    71 ||   220
Dodge: Dodged            |    36 |    12 |   106 |   144 |    78 ||   376
Block: Other             |       |       |     7 |    21 |       ||    28
       Buckler           |       |       |       |    18 |    55 ||    73
